 Dungeon Crawl Stone Soup version 0.30.0 (webtiles) character file.

Game seed: 16783942236083996003

2909 samcosmo the Placeless Draconian (level 9, 0/78 HPs)
             Began as a Red Draconian Warper on July 5, 2023.
             Was a Follower of Dithmenos.
             Slain by a yak (12 damage)
             ... on level 8 of the Dungeon.
             The game lasted 00:23:41 (8861 turns).

samcosmo the Placeless Draconian (DrWr)             Turns: 8861, Time: 00:23:42

Health: 0/78       AC:  9    Str: 18    XL:     9   Next: 49%
Magic:  1/18       EV: 17    Int: 13    God:    Dithmenos [*.....]
Gold:   367        SH:  5    Dex: 11    Spells: 11/20 levels left

rFire   + . .        a - +1 mace
rCold   . . .        (no shield)
rNeg    . . .        (body armour unavailable)
rPois   .            (helmet restricted)
rElec   .            i - +0 cloak
rCorr   .            m - +0 pair of gloves
SInv    .            (no boots)
Will    +....        j - amulet of reflection
Stlth   +            s - ring of willpower
HPRegen 0.33/turn    p - +5 ring of evasion
MPRegen 0.16/turn

%: reflection
@: wreathed by umbra
A: breathe fire, AC +7, unfitting armour, fire resistance 1, cold-blooded
a: Breathe Fire, Renounce Religion


You were on level 8 of the Dungeon.
You worshipped Dithmenos.
Dithmenos was aware of your devotion.
You visited 2 branches of the dungeon, and saw 9 of its levels.

You collected 367 gold pieces.

Inventory:

Hand Weapons
 a - a +1 mace (weapon)
 q - a +1 heavy spear
 r - the +1 rapier of Peril {drain, Dex+3}
   (You found it on level 6 of the Dungeon)

   Dex:       It affects your dexterity (+3).
Missiles
 c - 7 boomerangs of dispersal (quivered)
Armour
 i - a +0 cloak (worn)
 m - a +0 pair of gloves (worn)
Magical Staves
 f - a staff of air
Jewellery
 d - a ring of positive energy
 j - an amulet of reflection (around neck)
 p - a +5 ring of evasion (right hand)
 s - a ring of willpower (left hand)
 t - a ring of resist corrosion
Scrolls
 b - a scroll of blinking
 l - a scroll of magic mapping
 n - a scroll of teleportation
 v - a scroll of identify
Potions
 e - a potion of haste
 g - a potion of flight
 h - a potion of mutation
 k - 2 potions of lignification
 o - a potion of heal wounds
 u - 2 potions of might
 w - a potion of curing


   Skills:
 + Level 6.8 Fighting
 + Level 6.6 Maces & Flails
 - Level 0.8 Throwing
 - Level 2.1 Dodging
 * Level 6.0 Spellcasting
 + Level 8.3 Translocations


You had 11 spell levels left.
You knew the following spells:

 Your Spells              Type           Power      Damage    Failure   Level
a - Blink                 Tloc           50%        N/A       1%          2
b - Vhi's Electric Charg  Tloc/Air       28%        N/A       9%          3
c - Manifold Assault      Tloc           25%        N/A       5%          4

Your spell library contained the following spells:

 Spells                   Type           Power      Damage    Failure   Level
 Lesser Beckoning         Tloc           50%        N/A       1%          2
 Teleport Other           Tloc           25%        N/A       1%          3
 Volatile Blastmotes      Fire/Tloc      28%        2d12      9%          3
 Magic Dart               Conj           12%        1d3       17%         1
 Searing Ray              Conj           6%         2d4       26%         2
 Iskenderun's Mystic Bla  Conj/Tloc      14%        2d5       30%         4
 Dazzling Flash           Conj/Hex       6%         N/A       45%         3
 Frozen Ramparts          Ice            6%         1d1       45%         3
 Ignite Poison            Fire/Tmut/Pois 3%         N/A       45%         3
 Fulminant Prism          Conj/Hex       1%         3d5       86%         4
 Ice Form                 Ice/Tmut       3%         N/A       86%         4
 Sticky Flame             Conj/Fire      3%         2d3       86%         4
 Summon Ice Beast         Ice/Summ       3%         N/A       86%         4
 Starburst                Conj/Fire      1%         6d3       100%        6
 Borgnjor's Revivificati  Necr           1%         N/A       100%        8
 Ignition                 Fire           1%         3d3       100%        8
 Necromutation            Tmut/Necr      1%         N/A       100%        8
 Death's Door             Necr           1%         N/A       100%        9


Dungeon Overview and Level Annotations

Branches:
Dungeon (8/15)             Temple (1/1) D:7
   Lair: D:8-11

Altars:
Ashenzari
Cheibriados
Dithmenos
Fedhas
Gozag
Hepliaklqana
Kikubaaqudgha
Makhleb
Nemelex Xobeh
Qazlal
Sif Muna
Trog
Uskayaw
Vehumet
Xom
Yredelemnul
Zin
The Shining One

Shops:
D:5 !   D:7 ?


Innate Abilities, Weirdness & Mutations

You can breathe blasts of fire.
Your fiery red scales are hard. (AC +7)
You cannot fit into any form of body armour.
Your flesh is heat resistant. (rF+)
You are cold-blooded and may be slowed by cold attacks.


Message History

The yak is almost dead.
The yak completely misses you.
You hit the yak.
The yak is almost dead.
The yak gores you!
Casting: Manifold Assault (dangerous; 5% risk of failure)
Confirm with . or Enter, or press ? or * to list all spells.
Space momentarily warps into an impossible shape!
You closely miss the yak. You hit the yak. The yak gores you.
You are too injured to fight recklessly!
You are too injured to fight recklessly!
You are too injured to fight recklessly!
You hit the yak but do no damage.
The yak is almost dead.
The yak barely misses you.
You sock the yak!
You kill the yak!
Dithmenos accepts your kill.
Your Spellcasting skill increases to level 6!
You closely miss the yak.
The yak is moderately wounded.
You have got your breath back.
The yak closely misses you.
You hit the yak. You tail-slap the yak.
The yak is heavily wounded.
The yak gores you.
* * * LOW HITPOINT WARNING * * *
You thump the yak!
The yak is severely wounded.
The yak barely misses you.
You hit the yak but do no damage.
The yak is severely wounded.
The yak gores you!
* * * LOW HITPOINT WARNING * * *
The yak barely misses you.
You closely miss the yak.
You tail-slap the yak, but do no damage.
The yak is severely wounded.
The yak gores you!
You die...

###### #...Y#
#.##.# #.# .# #Y#
Y. ###@########
#....#####.#
#....##....#
########....##.##.#
.......†#...<..##.#
........#.....###.#
........#.....'...#
.≈......#.....#####
........#######


You could see a yak.

Vanquished Creatures
  Maggie (D:7)
  2 wyverns (D:6)
  3 yaks (D:8)
  3 water moccasins
  An ice beast (D:7)
  A black bear (D:5)
  An ogre (D:6)
  A centaur (D:7)
  A phantom (D:7)
  3 scorpions
  A bullfrog (D:7)
  3 wights (D:5)
  4 howler monkeys
  A jelly (D:6)
  4 orc priests
  6 iguanas
  4 orc wizards
  A mummy (D:5)
  7 adders
  2 white imps
  2 ufetubi (D:6)
  5 worms
  4 dart slugs
  35 orcs
  8 endoplasms
  4 giant cockroaches
  7 goblins
  9 hobgoblins
  5 jackals
  4 quokkas
  10 ball pythons
  5 bats
  4 frilled lizards
  5 kobolds
  4 rats
161 creatures vanquished.

Vanquished Creatures (others)
  16 fungi (D:5)
16 creatures vanquished.

Grand Total: 177 creatures vanquished

Notes
Turn   | Place    | Note
-------+----------+-------------------------------------------
     0 | D:1      | samcosmo the Draconian Warper began the quest for the Orb.
     0 | D:1      | Reached XP level 1. HP: 17/17 MP: 3/3
   157 | D:1      | Reached XP level 2. HP: 23/25 MP: 5/5
   173 | D:1      | Learned a level 2 spell: Blink
   504 | D:1      | Reached XP level 3. HP: 28/30 MP: 6/6
  1612 | D:2      | Reached XP level 4. HP: 21/38 MP: 7/7
  1817 | D:2      | Found a faded altar of an unknown god.
  2604 | D:3      | Reached XP level 5. HP: 45/45 MP: 9/9
  3182 | D:3      | Learned a level 3 spell: Vhi's Electric Charge
  3293 | D:4      | Reached skill level 4 in Translocations
  3424 | D:4      | Identified the +4 robe "Botehaaceb" {-Tele rN++ Regen+
                  | Str+3 Int+2}
  3439 | D:4      | Reached XP level 6. HP: 52/52 MP: 10/10
  4206 | D:4      | Your scales start taking on a fiery red colour.
  4206 | D:4      | Reached XP level 7. HP: 59/59 MP: 12/12
  4206 | D:4      | Gained mutation: Your flesh is heat resistant. (rF+) [Red
                  | Draconian growth]
  4534 | D:5      | Entered Level 5 of the Dungeon
  4557 | D:5      | Found a shadowy altar of Dithmenos.
  4570 | D:5      | Reached skill level 5 in Translocations
  4571 | D:5      | Became a worshipper of Dithmenos the Shadowed
  4643 | D:5      | Found Ottog's Distillery.
  4718 | D:5      | Learned a level 4 spell: Manifold Assault
  4809 | D:5      | Found a snail-covered altar of Cheibriados.
  5410 | D:5      | Found a stormy altar of Qazlal.
  6055 | D:6      | Noticed a wyvern
  6067 | D:6      | Identified the +1 rapier of Peril {drain, Dex+3}
  6200 | D:6      | Found a broken altar of Ashenzari.
  6208 | D:6      | Found a glowing golden altar of the Shining One.
  6233 | D:6      | Reached skill level 5 in Fighting
  6233 | D:6      | Reached skill level 5 in Maces & Flails
  6343 | D:6      | Killed a wyvern
  6344 | D:6      | Reached skill level 6 in Translocations
  6344 | D:6      | Reached XP level 8. HP: 49/68 MP: 11/14
  6450 | D:6      | Found a shimmering blue altar of Sif Muna.
  7392 | D:7      | Reached skill level 7 in Translocations
  7570 | D:7      | Noticed Maggie
  7582 | D:7      | Found a staircase to the Ecumenical Temple.
  7628 | D:7      | Reached skill level 5 in Spellcasting
  7848 | D:7      | Killed Maggie
  7849 | D:7      | Reached XP level 9. HP: 27/75 MP: 10/16
  8183 | D:7      | Found Quripytz's Magic Scroll Emporium.
  8357 | D:7      | Reached * piety under Dithmenos
  8373 | D:7      | Reached skill level 8 in Translocations
  8532 | D:7      | Noticed a boulder beetle
  8560 | Temple   | Entered the Ecumenical Temple
  8861 | D:8      | Slain by a yak

Illustrated notes

Levels and vault maps discovered:
D:1:      dpeg_chamrin_arrival_tetris, layout_basic
D:2:      layout_basic, dilly_ecumenical_altar_fadedgnrine,
          grunt_decor_mini_mirrors
D:3:      layout_rooms, minmay_cupped
D:4:      layout_loops_ring
D:5:      layout_loops_corners, mainiacjoe_overflow_cross_hatched,
          mainiacjoe_overflow_brackets, slow_altar_2, serial_shops,
          nicolae_shop_industrial_runoff
D:6:      layout_gridville, mainiacjoe_overflow_small_starburst,
          mainiacjoe_overflow_big_doors, nicolae_nh_ransacked_shop
D:7:      minmay_octagon_keep, layout_basic, minmay_temple_entry_arrows,
          serial_shops, shop_statue, uniq_maggie
D:8:      layout_basic, nicolae_elyvilon_peaceful_grove, jmf_multi_god_temple2,
          nicolae_kite_square_tiling_tiny, uniq_prince_ribbit1
Temple:   nicolae_temple_no_exploring_needed

Skill      XL: |  1  2  3  4  5  6  7  8  9 |
---------------+----------------------------+-----
Maces & Flails | 3 4 5 6 |  6.6
Fighting       | 3 4 5 6 |  6.8
Spellcasting   | 3 4 5 6 |  6.0
Translocations | 4 6 7 8 |  8.3
Throwing       | |  0.8
Dodging        | |  2.1

Action                     |  1- 3 |  4- 6 |  7- 9 || total
---------------------------+-------+-------+-------++-------
  Melee: Mace              |   130 |   287 |   248 ||   665
         Tailslap          |    12 |    35 |    44 ||    91
         Punch             |     3 |     5 |     3 ||    11
         Spear             |       |       |    89 ||    89
   Cast: Blink             |       |     1 |     6 ||     7
         Vhi's Electric Ch |       |       |    20 ||    20
         Manifold Assault  |       |       |    12 ||    12
Ability: Breathe Fire      |       |       |     3 ||     3
    Use: Scroll            |       |     9 |     5 ||    14
 Armour: Skin              |    48 |    89 |    78 ||   215
  Dodge: Dodged            |    82 |   151 |   243 ||   476
  Block: Other             |    13 |    68 |    88 ||   169
         Reflection        |     1 |       |     1 ||     2
